AoeStats
← BenitoKmelo

Arena

504385592Analyzed
4v4 RM · 27d ago on Sep 5, 2026· 45m 59s· 8 players
Game mode
Random Map
Map size
Large (8 player)
Population
200
Speed
Normal
Resources
Standard
Victory
Conquest
Starting age
Dark Age
Ending age
Imperial Age
RankedLock teamsTeams togetherTeam positionsShared explorationLock speedFull tech treeHidden civsTurbo modeCheats
Victory
Defeat
🇪🇸 Vikings · Spain
1259
+11
🇦🇷 Britons · Argentina
1244
+11
🇺🇸 Teutons · United States
1189
+13
🇨🇳 Bohemians · China
1126
+17
🇺🇸 Goths · United States
1172
-14
🇮🇳 Bengalis · India
1155
-14
🇲🇽 Bohemians · Mexico
1106
-12
🇲🇽 Tatars · Mexico
1103
-12
ssindho
10:30 Feudal Age
9:02 Loom
14:51 Castle Age
13:13 Horse Collar
13:31 Double-Bit Axe
14:37 Horse Collar
19:51 Loom
20:23 Bow Saw
21:23 Wheelbarrow
24:17 Sanctity
24:16 Redemption
27:13 Town Watch
28:11 Hand Cart
31:26 Fletching
31:36 Padded Archer Armor
34:27 Imperial Age
33:39 Bodkin Arrow
34:00 Leather Archer Armor
34:19 Leather Archer Armor
34:49 Ballistics
37:49 Ring Archer Armor
37:20 Bracer
39:14 Elite Elephant Archer
moonmichael
11:21 Feudal Age
16:44 Castle Age
15:21 Double-Bit Axe
15:18 Horse Collar
17:57 Wheelbarrow
23:04 Forging
23:20 Scale Mail Armor
26:44 Chain Mail Armor
27:13 Iron Casting
29:25 Squires
29:46 Loom
32:53 Murder Holes
32:40 Man-at-Arms
33:21 Long Swordsman
38:12 Imperial Age
BenitoKmelo
11:26 Feudal Age
12:19 Loom
15:20 Castle Age
13:45 Double-Bit Axe
16:40 Bow Saw
22:17 Fletching
23:43 Bodkin Arrow
26:24 Wheelbarrow
26:12 Padded Archer Armor
29:53 Wagenburg Tactics
35:04 Imperial Age
36:11 Chemistry
35:07 Murder Holes
37:48 Two-Man Saw
37:56 Conscription
39:27 Capped Ram
40:35 Bracer
40:51 Leather Archer Armor
40:06 Elite Hussite Wagon
Ratchet2krox
12:00 Feudal Age
13:23 Double-Bit Axe
15:40 Castle Age
14:38 Gold Mining
14:30 Horse Collar
14:41 Stone Mining
16:49 Bow Saw
18:06 Wheelbarrow
19:42 Loom
21:08 Padded Archer Armor
20:59 Fletching
22:28 Bodkin Arrow
22:48 Leather Archer Armor
24:54 Gold Shaft Mining
26:34 Forging
28:17 Iron Casting
34:31 Imperial Age
32:28 Bloodlines
32:18 Husbandry
32:25 Scale Barding Armor
35:15 Bracer
34:36 Elite Skirmisher
34:39 Heavy Cavalry Archer
35:52 Ring Archer Armor
36:24 Blast Furnace
35:46 Silk Armor
36:11 Conscription
35:13 Elite Keshik
37:01 Chain Barding Armor
37:04 Ballistics
37:46 Chemistry
37:37 Heated Shot
40:08 Hand Cart
40:30 Plate Barding Armor
rampage943
10:58 Feudal Age
9:14 Loom
13:57 Loom
14:01 Double-Bit Axe
17:15 Castle Age
15:34 Horse Collar
20:14 Gold Mining
25:42 Wheelbarrow
30:41 Imperial Age
28:46 Bloodlines
29:31 Fortified Wall
29:22 Stone Mining
30:46 Stone Shaft Mining
30:24 Bow Saw
30:20 Heavy Plow
31:15 Forging
31:10 Scale Barding Armor
31:47 Conscription
31:20 Cavalier
32:46 Iron Casting
33:01 Hand Cart
33:34 Chain Barding Armor
37:29 Blast Furnace
37:04 Plate Barding Armor
36:10 Pikeman
36:50 Squires
36:36 Arson
38:30 Scale Mail Armor
38:46 Paladin
41:47 Two-Man Saw
42:50 Crop Rotation
Aspirante
10:42 Feudal Age
14:51 Castle Age
13:30 Double-Bit Axe
14:27 Horse Collar
21:21 Stone Mining
22:14 Gold Mining
23:34 Heavy Plow
23:46 Town Watch
26:04 Bow Saw
27:03 Scale Mail Armor
27:13 Forging
26:58 Loom
30:46 Imperial Age
27:38 Man-at-Arms
28:06 Gambesons
28:45 Chain Mail Armor
28:33 Squires
28:31 Long Swordsman
29:55 Arson
30:49 Iron Casting
31:49 Conscription
31:12 Two-Handed Swordsman
32:24 Plate Mail Armor
32:54 Blast Furnace
32:49 Champion
33:58 Chieftains
33:30 Capped Ram
35:16 Siege Ram
40:39 Two-Man Saw
Tamerlane
10:49 Feudal Age
14:36 Castle Age
13:54 Loom
25:46 Redemption
32:49 Sanctity
38:18 Fortified Wall
38:19 Masonry
42:13 Imperial Age
42:49 Chemistry
43:14 Siege Engineers
42:50 Houfnice
44:35 Wheelbarrow
45:29 Block Printing
Justo José de Urquiza
10:55 Feudal Age
15:26 Castle Age
14:01 Double-Bit Axe
14:24 Horse Collar
22:36 Wheelbarrow
23:26 Bow Saw
24:06 Gold Mining
25:43 Hand Cart
25:14 Town Watch
29:40 Imperial Age
27:17 Fletching
27:28 Padded Archer Armor
28:00 Bodkin Arrow
28:18 Man-at-Arms
28:35 Crossbowman
29:44 Arbalester
31:06 Loom
35:28 Bracer
39:06 Ballistics
39:41 Leather Archer Armor
41:44 Chemistry
45:33 Ring Archer Armor
Connection lost

Rejoining the realm…

Still unreachable

The connection could not be restored.

Session expired

The server has moved on; the page needs a fresh start.